 Dungeon Crawl Stone Soup version 0.28-a0-1235-g7c8fac35f0 (webtiles) character file.

Game seed: 5588769108864875208

206 croobank the Skirmisher (level 6, -2/48 HPs)
             Began as a Formicid Abyssal Knight on Dec 25, 2021.
             Was a Believer of Lugonu.
             Slain by an iguana (11 damage)
             ... on level 4 of the Dungeon.
             The game lasted 00:14:25 (2569 turns).

croobank the Skirmisher (Formicid Abyssal Knight)   Turns: 2569, Time: 00:14:25

Health: -2/48      AC:  3    Str: 18    XL:     6   Next: 10%
Magic:  8/8        EV: 12    Int: 11    God:    Lugonu [**....]
Gold:   184        SH:  0    Dex: 11    Spells: 5/5 levels left

rFire   . . .      SeeInvis +   a - +1 hand axe
rCold   . . .      Faith    .   (no shield)
rNeg    . . .      Spirit   .   b - +0 leather armour
rPois   .          Reflect  .   (helmet unavailable)
rElec   .          Harm     .   (no cloak)
rCorr   .          Rampage  .   (no gloves)
Will    .....                   (no boots)
Stlth   +.........              c - amulet of regeneration
HPRegen 0.96/turn               (no ring)
MPRegen 0.11/turn               (no ring)

@: no status effects
A: permanent stasis, dig shafts and tunnels, antennae 3, four strong arms
a: Dig, Shaft Self, Renounce Religion, Depart the Abyss, Bend Space


You were on level 4 of the Dungeon.
You worshipped Lugonu.
Lugonu was pleased with you.
You visited 1 branch of the dungeon, and saw 4 of its levels.
You visited the Abyss 1 time.

You collected 184 gold pieces.

Inventory:

Hand Weapons
 a - a +1 hand axe (weapon)
 m - a +0 rapier
Missiles
 d - 205 stones
 f - 28 poisoned darts (quivered)
 g - 5 boomerangs
 j - 4 javelins
 o - 43 sling bullets
Armour
 b - a +0 leather armour (worn)
 i - a +2 ring mail of cold resistance
Jewellery
 c - an amulet of regeneration (around neck)
Scrolls
 l - a scroll of noise {unknown}
 n - a scroll of vulnerability {unknown}
Potions
 e - a potion of attraction {unknown}
 h - a potion of cancellation {unknown}
 k - a potion of heal wounds {unknown}


   Skills:
 + Level 4.2 Fighting
 + Level 3.1 Axes
 + Level 3.4 Armour
 + Level 2.2 Dodging
 + Level 3.6 Invocations


You had 5 spell levels left.
You didn't know any spells.
Your spell library contained the following spells:

 Spells                   Type           Power      Damage    Failure   Level
 Animate Dead             Necr           0%         N/A       99%         4
 Borgnjor's Vile Clutch   Necr/Erth      0%         N/A       100%        5
 Death Channel            Necr           0%         N/A       100%        6


Dungeon Overview and Level Annotations

Branches:
Dungeon (4/15)
 Temple: D:4-7

Altars:


Innate Abilities, Weirdness & Mutations

You cannot be hasted, slowed, berserked, paralysed or teleported.
You can dig through walls and to a lower floor.
You have a pair of large antennae on your head. (SInv)
Your four strong arms can wield two-handed weapons with a shield.


Message History

You hit the iguana but do no damage. The adder skeleton barely misses you.
The iguana bites you.
You hit the adder skeleton.
You destroy the adder skeleton!
Lugonu accepts your kill.
You barely miss the iguana. The iguana misses you. The iguana bites you!
You closely miss the iguana. You hit the iguana.
The iguana barely misses you. x2
You hit the iguana.
The iguana is moderately wounded.
You hit the iguana but do no damage. The iguana bites you!
The iguana closely misses you.
You hit the iguana.
The iguana is heavily wounded.
You hit the iguana but do no damage. The iguana closely misses you.
The iguana barely misses you.
A ball python comes into view.
The iguana bites you! The iguana barely misses you.
You barely miss the iguana.
The iguana is heavily wounded.
The ball python hisses angrily.
You hit the iguana. The iguana bites you!
* * * LOW HITPOINT WARNING * * *
The iguana closely misses you.
You hit the iguana but do no damage.
The iguana is heavily wounded.
You hit the iguana.
A quokka comes into view.
The iguana bites you.
* * * LOW HITPOINT WARNING * * *
The iguana hisses menacingly.
The iguana closely misses you.
Okay, then.
Are you sure you want to shaft yourself?
The quokka barely misses you. The iguana barely misses you.
The iguana closely misses you.
You begin to dig a shaft.
You continue digging a shaft.
The quokka bites you but does no damage.
The iguana bites you!
You die...

#.. ##.
.......$#..###.. (
...............# ..
#.............# ..
##......|......###.#
..............<#...##
....................#
................#...#
......l@l......##
.... #.....r##S...)##
##. ....... #....##
#............#
#..............
#.......###.....
........ ##.#..#
.###..[. ..##..


You could see 2 iguanas, a quokka and a ball python.

Vanquished Creatures
  An orc priest (D:3)
  Terence (D:2)
  Natasha (D:2)
  An orc wizard (D:3)
  3 adders
  An adder skeleton (D:4)
  2 worms
  7 orcs (D:3)
  2 endoplasms
  5 giant cockroaches
  8 goblins
  5 hobgoblins
  5 quokkas
  4 ball pythons
  4 bats
  A frilled lizard (D:3)
  7 kobolds
  2 rats
60 creatures vanquished.

Notes
Turn   | Place    | Note
-------+----------+-------------------------------------------
     0 | Abyss:1  | croobank the Formicid Abyssal Knight began the quest for
                  | the Orb.
     0 | Abyss:1  | Reached XP level 1. HP: 18/18 MP: 2/2
    12 | D:1      | Escaped the Abyss
   146 | D:1      | Reached skill level 1 in Dodging
   218 | D:1      | Reached XP level 2. HP: 24/24 MP: 3/3
   912 | D:2      | Noticed Terence
   919 | D:2      | Reached XP level 3. HP: 29/29 MP: 4/4
   934 | D:2      | Killed Terence
   935 | D:2      | Reached XP level 4. HP: 15/37 MP: 4/6
  1316 | D:2      | Found a faded altar of an unknown god.
  1647 | D:2      | Noticed Natasha
  1651 | D:2      | Killed Natasha
  1812 | D:3      | Reached ** piety under Lugonu
  1817 | D:3      | Reached XP level 5. HP: 42/42 MP: 7/7
  1996 | D:3      | Reached skill level 4 in Fighting
  2378 | D:3      | Reached XP level 6. HP: 43/48 MP: 8/8
  2569 | D:4      | Slain by an iguana

Illustrated notes

Levels and vault maps discovered:
D:1:      dpeg_arrival_lava_temple_mockup, layout_loops_ring,
          minmay_misc_feat_hallway
D:2:      layout_basic, hellmonk_ecumenical_altar_crossroads,
          chequers_serial_rivers_large_a, uniq_natasha, uniq_terence
D:3:      layout_basic, minmay_randomly_rotated_circles
D:4:      layout_cave_pools, gup_sewer_entry_spiral, minmay_puff

Skill      XL: |  1  2  3  4  5 |
---------------+----------------+-----
Dodging        | 1 2 |  2.2
Armour         | 3 |  3.4
Invocations    | 3 |  3.6
Fighting       | 4 |  4.2
Axes           | 3 |  3.1

Action                   |  1- 3 |  4- 6 || total
-------------------------+-------+-------++-------
Melee: Hand axe          |    56 |   164 ||   220
Throw: Dart              |     2 |     6 ||     8
 Abil: Shaft Self        |       |     1 ||     1
  Use: Scroll            |     3 |     1 ||     4
Armor: Leather armour    |    11 |    25 ||    36
Dodge: Dodged            |    37 |   100 ||   137

Table legend: (Time is in decaauts)
 A = Elapsed time spent in this place.
 B = Non-inter-level travel time spent in this place.
 C = Inter-level travel time spent in this place.
 D = Time resting spent in this place.
 E = Time spent auto-exploring this place.
 F = Levels seen in this place.
 G = Mean time per level.
                   A        B        C        D        E       F      G
               +--------+--------+--------+--------+--------+-----+--------+
         Total |   2618 |   2458 |    160 |     71 |   1407 |   5 |  523.6 |
       Dungeon |   2606 |   2446 |    160 |     71 |   1407 |   4 |  651.5 |
         Abyss |     12 |     12 |      0 |      0 |      0 |   1 |   12.0 |
               +--------+--------+--------+--------+--------+-----+--------+

Top non-repeatable levels by time:
     D:2: 975 daAuts
     D:3: 820 daAuts
     D:1: 786 daAuts
     D:4: 23 daAuts
 Abyss:1: 12 daAuts
